AoeStats
← HawkingsWager

Arena

508602334Analyzed
1v1 RM · 8d ago on Sep 23, 2026· 46m 37s· 2 players
Game mode
Random Map
Map size
Tiny (2 player)
Population
200
Speed
Normal
Resources
Standard
Victory
Conquest
Starting age
Dark Age
Ending age
Imperial Age
RankedLock teamsTeams togetherTeam positionsShared explorationLock speedFull tech treeHidden civsTurbo modeCheats
Victory
Defeat
🇹🇼 Huns · Taiwan
1073
+23
🇺🇸 Britons · United States
1035
-14
ryanlee0512
10:34 Feudal Age
14:52 Castle Age
12:56 Double-Bit Axe
13:49 Fletching
14:54 Padded Archer Armor
26:49 Bodkin Arrow
30:00 Imperial Age
27:58 Padded Archer Armor
28:07 Thumb Ring
28:16 Scale Barding Armor
28:30 Bow Saw
28:19 Horse Collar
29:26 Wheelbarrow
28:36 Loom
28:37 Town Watch
29:12 Leather Archer Armor
30:19 Chain Barding Armor
30:15 Light Cavalry
31:06 Bloodlines
30:57 Husbandry
31:24 Parthian Tactics
31:34 Conscription
31:16 Bracer
31:40 Ballistics
31:03 Capped Ram
33:05 Plate Barding Armor
32:06 Heavy Cavalry Archer
33:24 Forging
33:29 Hussar
34:53 Iron Casting
35:38 Two-Man Saw
34:59 Heavy Plow
36:01 Chemistry
35:52 Siege Ram
38:36 Plate Barding Armor
42:22 Blast Furnace
41:15 Cavalier
43:13 Paladin
HawkingsWager
10:27 Feudal Age
15:00 Castle Age
13:40 Double-Bit Axe
13:39 Horse Collar
13:51 Gold Mining
20:23 Bow Saw
20:55 Stone Mining
22:02 Loom
22:55 Wheelbarrow
26:00 Fletching
26:11 Padded Archer Armor
27:55 Bodkin Arrow
28:17 Leather Archer Armor
30:50 Imperial Age
31:23 Forging
31:14 Scale Mail Armor
31:44 Yeomen
30:53 Elite Longbowman
31:54 Conscription
31:37 Warwolf
33:28 Two-Man Saw
33:08 Gold Shaft Mining
33:05 Bracer
34:08 Hand Cart
35:19 Ballistics
35:59 Chemistry
35:05 Siege Engineers
35:12 Masonry
34:58 Murder Holes
35:09 Heavy Plow
35:48 Ring Archer Armor
36:43 Hoardings
37:55 Iron Casting
37:35 Chain Mail Armor
36:45 Pikeman
37:25 Squires
37:20 Halberdier
40:26 Blast Furnace
41:42 Plate Mail Armor
Connection lost

Rejoining the realm…

Still unreachable

The connection could not be restored.

Session expired

The server has moved on; the page needs a fresh start.